 Dungeon Crawl Stone Soup version 0.30.0-15-g856e2d3f33 (webtiles) character file.

Game seed: 16174459969757233621

69 EnegeticOcto the Shooter (level 4, -1/38 HPs)
             Began as an Armataur Hunter on May 19, 2023.
             Killed by nerve-wracking pain
             ... invoked by Grinder
              (8 damage)
             ... on level 3 of the Dungeon.
             The game lasted 00:07:03 (781 turns).

EnegeticOcto the Shooter (Armataur Hunter)           Turns: 781, Time: 00:07:03

Health: -1/38      AC:  6    Str: 17    XL:     4   Next: 2%
Magic:  4/4        EV:  9    Int:  9    God:
Gold:   88         SH:  0    Dex: 15    Spells: 3/3 levels left

rFire   . . .        a - +0 shortbow
rCold   . . .        (shield currently unavailable)
rNeg    . . .        l - +0 acid dragon scales
rPois   .            (no helmet)
rElec   .            (no cloak)
rCorr   +            (no gloves)
SInv    .            (no barding)
Will    .....        (no amulet)
Stlth   ++           (no ring)
HPRegen 0.26/turn    (no ring)
MPRegen 0.09/turn

%: roll
@: no status effects
A: large, rugged brown scales 3, deformed body, armoured tail, roll, long
tongue, awkward tongue
a: no special abilities


You were on level 3 of the Dungeon.
You visited 1 branch of the dungeon, and saw 3 of its levels.

You collected 88 gold pieces.

Inventory:

Hand Weapons
 a - a +0 shortbow (weapon)
Missiles
 k - 2 poisoned darts
Armour
 c - a +0 leather armour
 l - +0 acid dragon scales (worn)
   (You found it on level 2 of the Dungeon)
Magical Staves
 p - a staff of poison
   (You found it on level 3 of the Dungeon)
Jewellery
 d - a ring of wizardry
   (You found it on level 1 of the Dungeon)
Wands
 r - a wand of polymorph (8)
   (You found it on level 3 of the Dungeon)
Scrolls
 g - a scroll of butterflies {unknown}
 i - 2 scrolls of magic mapping {unknown}
 j - a scroll of fear {unknown}
 n - a scroll of fog {unknown}
 o - a scroll of teleportation {unknown}
 q - a scroll of identify {unknown}
Potions
 e - a potion of attraction {unknown}
 f - 2 potions of curing {@q1 !q}
 h - a potion of might {unknown}
 m - 2 potions of haste {unknown}


   Skills:
 + Level 1.9 Fighting
 + Level 4.0 Ranged Weapons
 - Level 1.3 Dodging
 - Level 2.0 Stealth


You had 3 spell levels left.
You didn't know any spells.
Your spell library was empty.

Dungeon Overview and Level Annotations

Branches:
Dungeon (3/15) Zot: 17158

Altars:

Shops:
D:1 =

Annotations:
D:3 Grinder


Innate Abilities, Weirdness & Mutations

You are completely covered in rugged brown scales. (AC +3, +7% HP)
Armour fits poorly on your strangely shaped body.
You have a long armoured tail.
You roll when moving toward enemies. (Rampage)
Your long tongue fully drains potion bottles. (2x potion effects)
Your tongue gives you trouble enunciating. (1.5x scroll delay)


Message History

You have reached level 4!
You feel stronger.
q - a scroll labelled JUETWY OKAEQ A rat comes into view.
You shoot an arrow. The arrow hits the rat!
You kill the rat!
r - a wand of polymorph (8)
Found 5 gold pieces.
You now have 88 gold pieces (gained 5).
Grinder comes into view.
Okay, then.
Really read the scroll of immolation?
As you slowly read the scroll of immolation, it crumbles to dust.
The creatures around you are filled with an inner flame!
Grinder gestures at you.
You suddenly lose the ability to move!
Grinder gestures at you. Pain shoots through your body!
You can move again.
You shoot an arrow.
The arrow hits Grinder but does no damage.
Grinder blinks!
You shoot an arrow. The arrow barely misses Grinder.
Grinder blinks!
You shoot an arrow.
The arrow hits Grinder but does no damage.
Grinder blinks!
You shoot an arrow. The arrow closely misses Grinder.
Grinder blinks!
You see here a rat corpse.
You shoot an arrow. The arrow hits Grinder.
Flame seeps out of Grinder.
Grinder is lightly wounded.
Grinder is engulfed in blazing flames.
Flame seeps out of Grinder.
You shoot an arrow. The arrow hits Grinder.
Flame seeps out of Grinder.
Grinder is heavily wounded.
Grinder is engulfed in blazing flames.
Flame seeps out of Grinder.
You shoot an arrow. The arrow barely misses Grinder.
Grinder hits you but does no damage. Grinder attacks as you move away!
Grinder hits you!
Grinder's inner flame fades away.
Grinder blinks!
Grinder gestures at you.
You suddenly lose the ability to move!
You can move again.
Grinder attacks as you move away! Grinder hits you.
It was a potion of curing.
You feel better.
You slurp down every last drop of the potion of curing!
Grinder barely misses you.
You shoot an arrow. The arrow completely misses Grinder.
Grinder hits you.
You writhe in agony.
You shoot an arrow. The arrow hits Grinder.
Grinder is almost dead.
Grinder barely misses you. Grinder gestures at you.
You suddenly lose the ability to move!
Grinder hits you.
You writhe in agony.
Grinder hits you but does no damage.
You can move again.
You are too injured to fight recklessly!
Fire: a) +0 shortbow
Press: ? - help, Q - select action, (/) - cycle Shift-Dir - straight line, f/p - Grinder
Aim: Grinder (almost dead, 57% to hit)
You shoot an arrow. The arrow barely misses Grinder.
Grinder hits you but does no damage.
Fire: a) +0 shortbow
Press: ? - help, Q - select action, (/) - cycle Shift-Dir - straight line, f/p - Grinder
Aim: Grinder (almost dead, 57% to hit)
You shoot an arrow. The arrow barely misses Grinder.
Grinder grins, showing sharp teeth.
Grinder hits you.
Fire: a) +0 shortbow
Press: ? - help, Q - select action, (/) - cycle Shift-Dir - straight line, f/p - Grinder
Aim: Grinder (almost dead, 57% to hit)
You shoot an arrow. The arrow barely misses Grinder.
Grinder closely misses you. Grinder hits you but does no damage.
Fire: a) +0 shortbow
Press: ? - help, Q - select action, (/) - cycle Shift-Dir - straight line, f/p - Grinder
Aim: Grinder (almost dead, 57% to hit)
You shoot an arrow. The arrow barely misses Grinder.
Grinder blinks!
Fire: a) +0 shortbow
Press: ? - help, Q - select action, (/) - cycle Shift-Dir - straight line, f/p - Grinder
Aim: Grinder (almost dead, 57% to hit)
You shoot an arrow. The arrow hits Grinder.
Grinder is almost dead.
Grinder blinks!
Fire: a) +0 shortbow
Press: ? - help, Q - select action, (/) - cycle Shift-Dir - straight line, f/p - Grinder
Aim: Grinder (almost dead, 57% to hit)
You shoot an arrow. The arrow closely misses Grinder.
Grinder gestures at you. Pain shoots through your body!
* * * LOW HITPOINT WARNING * * *
Fire: a) +0 shortbow
Press: ? - help, Q - select action, (/) - cycle Shift-Dir - straight line, f/p - Grinder
Aim: Grinder (almost dead, 57% to hit)
You shoot an arrow.
The arrow hits Grinder but does no damage.
Grinder is almost dead.
Grinder gestures at you. Pain shoots through your body!
You die...

.# .# .. ##.## #. #...#
#. #...# #### # #.#
#...# ..... .. #.####
#####...###.# # ...
#....###...........####
....
#...5.@....†..........#
#.....
#..#.##............##.#
......
#..#.##.####...###.##..
#.#.####....##.# #†..#
#.....
####.#.......####.#
#...# ######
..##.######..####.#
#...# #
#.##..†...........#
##.## #
#.##..###..#.###### #.#
# ........#..#.# #.# #


You could see Grinder.

Vanquished Creatures
  An adder (D:2)
  4 worms
  3 dart slugs
  An orc (D:2)
  8 endoplasms
  A giant cockroach (D:1)
  3 goblins
  6 hobgoblins
  2 ball pythons
  5 bats
  A frilled lizard (D:3)
  2 kobolds (D:2)
  2 rats (D:3)
39 creatures vanquished.

Notes
Turn   | Place    | Note
-------+----------+-------------------------------------------
     0 | D:1      | EnegeticOcto the Armataur Hunter began the quest for the
                  | Orb.
     0 | D:1      | Reached XP level 1. HP: 18/18 MP: 1/1
    35 | D:1      | Reached skill level 3 in Ranged Weapons
    71 | D:1      | Reached XP level 2. HP: 8/25 MP: 2/2
   188 | D:1      | Found Holenam's Jewellery Shop.
   226 | D:2      | Reached XP level 3. HP: 23/31 MP: 3/3
   312 | D:2      | Reached skill level 2 in Stealth
   627 | D:3      | Reached skill level 4 in Ranged Weapons
   709 | D:3      | Reached XP level 4. HP: 38/38 MP: 4/4
   733 | D:3      | Noticed Grinder
   737 | D:3      | Paralysed by Grinder for 3 turns
   766 | D:3      | Paralysed by Grinder for 3 turns
   772 | D:3      | Paralysed by Grinder for 3 turns
   781 | D:3      | Killed from afar by Grinder

Illustrated notes

Levels and vault maps discovered:
D:1:      co_arrival_random_square_maze, layout_rooms, serial_shops, shop
D:2:      layout_loops_cross
D:3:      layout_loops_cross, serial_park_tiny_pond, uniq_grinder

Skill      XL: |  1  2  3 |
---------------+----------+-----
Ranged Weapons | 3 4 |  4.0
Stealth        | 2 |  2.0
Fighting       | |  1.9
Dodging        | |  1.3

Action                     |  1- 3 |  4- 6 || total
---------------------------+-------+-------++-------
   Fire: Shortbow          |   146 |    17 ||   163
    Use: Scroll            |       |     1 ||     1
         Potion            |       |     1 ||     1
 Armour: Leather armour    |    19 |       ||    19
         Acid dragon scale |    14 |     4 ||    18
  Dodge: Dodged            |    28 |     3 ||    31
